 Dungeon Sprint DCSS version 0.27.1-33-g824d729ab1 (webtiles) character file.

Game seed: 13025538406781046124

200 boopmooplesden the Protected (level 5, 0/53 HPs)
             Began as a Minotaur Fighter on Dec 22, 2021.
             Was an Initiate of Hepliaklqana.
             Slain by a spriggan (6 damage)
             ... in the Dungeon (Sprint IV: "Fedhas' Mad Dash").
             The game lasted 00:01:37 (856 turns).

boopmooplesden the Protected (Minotaur Fighter)      Turns: 856, Time: 00:01:37

Health: 0/53       AC:  8    Str: 22    XL:     5   Next: 49%
Magic:  4/4        EV:  9    Int:  5    God:    Hepliaklqana [......]
Gold:   91         SH: 11    Dex:  9    Spells: 4/4 levels left

rFire    . . .     SeeInvis .   a - +0 flail
rCold    . . .     Faith    .   c - +0 kite shield
rNeg     . . .     Spirit   .   b - +0 scale mail
rPois    .         Reflect  .   (helmet restricted)
rElec    .         Harm     .   (no cloak)
rCorr    .         Rampage  .   (no gloves)
Will     .....     NoTele   +   (no boots)
Stlth    ..........             e - amulet of invisibility {+Inv}
HPRegen  0.17/turn              (no ring)
MPRegen  0.09/turn              (no ring)

@: hasted, very quick
A: horns 2, retaliatory headbutt
a: Renounce Religion, Evoke Invisibility


You were in the Dungeon.
You worshipped Hepliaklqana.
Hepliaklqana was noncommittal.
You visited 1 branch You collected 91 gold pieces.

Inventory:

Hand Weapons
 a - a +0 flail (weapon)
Armour
 b - a +0 scale mail (worn)
 c - a +0 kite shield (worn)
Jewellery
 e - the amulet of invisibility (around neck) {+Inv}
   (You found it in the Dungeon)

   [amulet of nothing]

   +Inv:      It lets you turn invisible.
Scrolls
 j - a scroll of blinking
 k - a scroll of fog {unknown}
Potions
 d - a potion of might
 h - 2 potions of magic
 i - a potion of berserk rage
 l - a potion of brilliance {unknown}


   Skills:
 + Level 7.8 Fighting
 + Level 5.0 Maces & Flails
 + Level 8.2 Armour
 + Level 1.4 Dodging
 + Level 1.1 Stealth
 + Level 7.9 Shields
 + Level 2.1 Evocations


You had 4 spell levels left.
You didn't know any spells.
Your spell library was empty.

Dungeon Overview and Level Annotations

Branches:
Dungeon (1/1)

Altars:
Cheibriados
Dithmenos
Elyvilon
Gozag
Hepliaklqana
Kikubaaqudgha
Makhleb
Nemelex Xobeh
Okawaru
Qazlal
Ru
Sif Muna
Trog
Uskayaw
Vehumet
Wu Jian
Xom
Yredelemnul
Zin
The Shining One
Beogh
Jiyva
Lugonu


Innate Abilities, Weirdness & Mutations

You have a pair of horns on your head.
You reflexively headbutt those who attack you in melee.


Message History

There is a hazy altar of Hepliaklqana here.
There is a viscous altar of Jiyva here.
There is an ancient bone altar of Kikubaaqudgha here.
There is a corrupted altar of Lugonu here.
There is an open door here.
You open the door. 2 spriggans come into view.
The spriggan shouts!
A scorpion comes into view.
Found 14 gold pieces.
You thump the spriggan!
The spriggan is severely wounded.
The spriggan hits you with a +0 dagger.
You miss the spriggan.
The spriggan is severely wounded.
The spriggan hits you with a +0 dagger! You block the spriggan's attack.
Your magical contamination has completely faded away.
You miss the spriggan. Your headbutt misses the spriggan.
The spriggan hits you with a +0 dagger! The spriggan closely misses you.
You miss the spriggan.
The spriggan is severely wounded.
The spriggan hits you but does no damage.
The spriggan hits you with a +0 short sword.
The spriggan hits you with a +0 dagger!
* * * LOW HITPOINT WARNING * * *
You feel much better.
The spriggan hits you but does no damage.
The spriggan hits you with a +0 dagger.
You feel yourself speed up. The spriggan closely misses you.
The spriggan hits you with a +0 dagger!
* * * LOW HITPOINT WARNING * * *
You miss the spriggan.
The spriggan is severely wounded.
You block the spriggan's attack.
You hit the spriggan.
The spriggan is almost dead.
The spriggan hits you with a +0 dagger.
* * * LOW HITPOINT WARNING * * *
The spriggan hits you with a +0 short sword.
You die...

######################
#.⌠._._._._.⌠.#.ii$..#
'.._._._._._..'.@#
#..._._._._...#..#
#.._._._._._..#..#
#._._._._._.⌠.####
############### #


You could see 2 spriggans.

Vanquished Creatures
  A scorpion (D)
  4 oklob saplings (D)
  A river rat (D)
  A rat (D)
7 creatures vanquished.

Notes
Turn   | Place    | Note
-------+----------+-------------------------------------------
     0 | D        | boopmooplesden the Minotaur Fighter began the quest for the
                  | Orb.
     0 | D        | Reached XP level 1. HP: 19/19 MP: 0/0
     9 | D        | Reached skill level 4 in Armour
     9 | D        | Reached XP level 2. HP: 15/28 MP: 1/1
   180 | D        | Noticed a scorpion
   180 | D        | Found the amulet of invisibility {+Inv}
   188 | D        | Killed a scorpion
   189 | D        | Reached skill level 6 in Armour
   189 | D        | Reached XP level 3. HP: 17/37 MP: 2/2
   362 | D        | Noticed an oklob sapling
   365 | D        | Killed an oklob sapling
   366 | D        | Reached XP level 4. HP: 20/45 MP: 0/3
   531 | D        | Found an opulent altar of Gozag.
   531 | D        | Found a hazy altar of Hepliaklqana.
   531 | D        | Found a burning altar of Makhleb.
   531 | D        | Found a sparkling altar of Nemelex Xobeh.
   531 | D        | Found a snail-covered altar of Cheibriados.
   531 | D        | Found a sacrificial altar of Ru.
   531 | D        | Found a shimmering blue altar of Sif Muna.
   531 | D        | Found a shimmering altar of Xom.
   531 | D        | Found a basalt altar of Yredelemnul.
   540 | D        | Found a viscous altar of Jiyva.
   540 | D        | Found a bloodstained altar of Trog.
   540 | D        | Found an ornate altar of the Wu Jian Council.
   541 | D        | Found an iron altar of Okawaru.
   541 | D        | Found a shadowy altar of Dithmenos.
   541 | D        | Found a glowing silver altar of Zin.
   542 | D        | Found an ancient bone altar of Kikubaaqudgha.
   542 | D        | Found a hide-covered altar of Uskayaw.
   543 | D        | Found a stormy altar of Qazlal.
   543 | D        | Found a white marble altar of Elyvilon.
   543 | D        | Found a glowing golden altar of the Shining One.
   544 | D        | Found a corrupted altar of Lugonu.
   544 | D        | Found a radiant altar of Vehumet.
   551 | D        | Reached skill level 7 in Armour
   551 | D        | Reached skill level 1 in Dodging
   551 | D        | Reached skill level 1 in Evocations
   551 | D        | Reached XP level 5. HP: 28/52 MP: 2/4
   694 | D        | Became a worshipper of Hepliaklqana the Forgotten
   821 | D        | Reached skill level 5 in Maces & Flails
   821 | D        | Reached skill level 8 in Armour
   821 | D        | Reached skill level 1 in Stealth
   856 | D        | Slain by a spriggan

Illustrated notes

Levels and vault maps discovered:
D:        dungeon_sprint_fedhas [sprint_temple]

Skill      XL: |  1  2  3  4  5 |
---------------+----------------+-----
Fighting       | 4 6 7 |  7.8
Armour         | 4 6 7 8 |  8.2
Shields        | 4 6 7 |  7.9
Maces & Flails | 3 4 5 |  5.0
Dodging        | 1 |  1.4
Evocations     | 1 2 |  2.1
Stealth        | 1 |  1.1

Action                   |  1- 3 |  4- 6 || total
-------------------------+-------+-------++-------
Melee: Flail             |    14 |    14 ||    28
       Headbutt          |     4 |     3 ||     7
 Abil: Evoke Invisibilit |     1 |     3 ||     4
  Use: Potion            |     1 |     2 ||     3
       Scroll            |     1 |       ||     1
 Stab: Invisible         |     1 |     1 ||     2
Armor: Scale mail        |     4 |     2 ||     6
Dodge: Dodged            |     4 |     2 ||     6
Block: Kite shield       |     8 |     2 ||    10
